 Dungeon Crawl Stone Soup version 0.31.0-4-g52a2dc7128 (webtiles) character file.

Game seed: 10220444710157165863

72 Skitler the Chopper (level 4, -6/41 HPs)
             Began as a Hill Orc Monk on Jan 23, 2024.
             Engulfed by a cloud of poison gas (8 damage)
             ... on level 2 of the Dungeon.
             The game lasted 00:04:05 (1471 turns).

Skitler the Chopper (Hill Orc Monk)                 Turns: 1471, Time: 00:04:06

Health: -6/41      AC:  2    Str: 13    XL:     4   Next: 25%
Magic:  5/5        EV: 12    Int: 12    God:
Gold:   102        SH:  0    Dex: 13    Spells: 3/3 levels left

rFire   . . .        a - +1 hand axe
rCold   . . .        d - orb {light}
rNeg    . . .        b - +0 robe
rPois   .            (no helmet)
rElec   .            (no cloak)
rCorr   .            (no gloves)
SInv    .            (no boots)
Will    .....        o - amulet of reflection
Stlth   +            f - ring of wizardry
HPRegen 0.26/turn    (no ring)
MPRegen 0.09/turn

%: reflection, wizardry (x1)
@: confused, lethally poisoned (-6 -> -61), ambrosia-drunk, glowing, studying
Staves
A: no striking features
a: no special abilities


You were on level 2 of the Dungeon.
You visited 1 branch of the dungeon, and saw 2 of its levels.

You collected 102 gold pieces.

Inventory:

Hand Weapons
 a - a +1 hand axe (weapon)
Armour
 b - a +0 robe (worn)
 d - an orb of light (worn)
Jewellery
 f - a ring of wizardry (left hand)
 o - an amulet of reflection (around neck)
Scrolls
 g - a scroll of immolation
Potions
 h - a potion of haste
 i - a potion of mutation
 k - a potion of degeneration
 l - a potion of magic
 n - a potion of brilliance
 q - a potion of curing {unknown}


   Skills:
 * Level 4.6 Fighting
 + Level 5.2 Axes
 - Level 2.4 Dodging
 * Level 0.2 Spellcasting
 * Level 1.6 Invocations


You had 3 spell levels left.
You didn't know any spells.
Your spell library was empty.

Dungeon Overview and Level Annotations

Branches:
Dungeon (2/15)

Altars:
Elyvilon
Beogh


Message History

No target in view!
No target in view!
No target in view!
As you read the scroll labelled EHUZAD HAUPT, it crumbles to dust.
It is a scroll of identify.
i - a potion of mutation
As you read the scroll of identify, it crumbles to dust.
k - a potion of degeneration
As you read the scroll of identify, it crumbles to dust.
l - a potion of magic
As you read the scroll of identify, it crumbles to dust.
n - a potion of brilliance
As you read the scroll labelled ERUSTR TOUTAN, it crumbles to dust.
The air around you briefly surges with heat, but it dissipates.
It was a scroll of immolation.
As you read the scroll labelled OMUSUAMYIM, it crumbles to dust.
Your body is wracked with pain!
It was a scroll of torment.
As you read the scroll labelled DAYBAKKO WYEST, it crumbles to dust.
It is a scroll of enchant weapon.
Your +0 hand axe glows red for a moment.
The air fills with toxic fumes!
As you read the scroll labelled LOHYTS PALIMYH, it crumbles to dust.
It was a scroll of poison.
Okay, then.
You are engulfed in poison gas.
You are lethally poisoned!
* * * LOW HITPOINT WARNING * * *
You feel very sick.
You are confused.
You feel invigorated.
You are engulfed in poison gas.
You are more poisoned.
* * * LOW HITPOINT WARNING * * *
x2 You feel extremely sick.
You are engulfed in poison gas.
You are more poisoned.
* * * LOW HITPOINT WARNING * * *
You feel extremely sick.
You are engulfed in poison gas.
You are more poisoned.
You die...

#.# #§..§§§..§#§§# #.#
#.§.§§§.§.§§§# #.#
#§..#§#..§§§§# #.#
+§§.§§§.§§§§§# #.#
#§§§#§#§§§§§§##
#.######§§§§.§§§§§§§.#
#.##...#§§§§§§§§§#...#
#.##...##§§§§§§§###..# ##
#.##.#<.##§§@§§##...## ..
#.##.##.####+###.########.#
#.##†##.# #..........#
#.##.##.# ############
#.##....#### #.##.......#
#.###.####.# #.# #.# #.#
#####.# #.# #.#


There were no monsters in sight!

Vanquished Creatures
  2 adders (D:2)
  2 ribbon worms (D:2)
  A dart slug (D:2)
  An orc (D:2)
  5 endoplasms
  2 giant cockroaches
  5 hobgoblins
  A quokka (D:2)
  4 ball pythons
  4 bats (D:1)
  3 frilled lizards (D:1)
  5 goblins
  5 kobolds
  3 rats
43 creatures vanquished.

Notes
Turn   | Place    | Note
-------+----------+-------------------------------------------
     0 | D:1      | Skitler the Hill Orc Monk began the quest for the Orb.
     0 | D:1      | Reached XP level 1. HP: 19/19 MP: 1/1
   232 | D:1      | Reached XP level 2. HP: 25/27 MP: 2/2
   535 | D:1      | Reached skill level 1 in Invocations
   580 | D:1      | Reached XP level 3. HP: 31/34 MP: 3/3
  1001 | D:2      | Found a white marble altar of Elyvilon.
  1025 | D:2      | Reached skill level 5 in Axes
  1267 | D:2      | Reached XP level 4. HP: 37/41 MP: 5/5
  1410 | D:2      | Found a roughly hewn altar of Beogh.
  1470 | D:2      | HP: 2/41 [poisoned by you (poison gas)]
  1471 | D:2      | Engulfed by a cloud of poison gas

Illustrated notes

Levels and vault maps discovered:
D:1:      dpeg_arrival_refuge, layout_basic
D:2:      layout_loops_ring, basic_altar, serial_glass, glass_columns_a,
          glass_columns_a, item_on_display_a, minmay_strange_pillars,
          hellmonk_ecumenical_altar_defaced_shrine, minmay_indecisive_spiral,
          uniq_jessica, uniq_natasha

Skill      XL: |  1  2  3 |
---------------+----------+-----
Fighting       | 4 |  4.6
Invocations    | 1 |  1.6
Axes           | 5 |  5.2
Dodging        | |  2.4
Spellcasting   | |  0.2

Action                     |  1- 3 |  4- 6 || total
---------------------------+-------+-------++-------
  Melee: Hand axe          |   102 |    13 ||   115
    Use: Potion            |     1 |     1 ||     2
         Scroll            |       |     8 ||     8
 Armour: Robe              |    53 |     4 ||    57
  Dodge: Dodged            |    64 |     8 ||    72
